 Dungeon Sprint DCSS version 0.31-a0-1-g4198be8af4 (webtiles) character file.

Game seed: 7638119222053584772

1700000 123456 the Wrestler (level 16, -3/167 HPs)
             Began as an Armataur Gladiator on May 1, 2023.
             Was an Elder of Makhleb.
             Slain by a meat berserker
             ... wielding a +9 battleaxe
              (57 damage)
             ... in the Dungeon (Sprint VIII: "Arena of Blood").
             The game lasted 00:00:24 (17 turns).

123456 the Wrestler (Armataur Gladiator)              Turns: 17, Time: 00:00:24

Health: -3/167     AC:  6    Str: 20    XL:     16   Next: 34%
Magic:  16/16      EV: 23    Int: 10    God:    Makhleb [****..]
Gold:   0          SH:  0    Dex: 18    Spells: 15/15 levels left

rFire   . . .        k - +∞ Axe of Woe
rCold   . . .        (shield currently unavailable)
rNeg    . . .        a - +0 leather armour
rPois   .            b - +0 helmet
rElec   .            (no cloak)
rCorr   .            (no gloves)
SInv    .            (no barding)
Will    +....        (no amulet)
Stlth   +            (no ring)
HPRegen 0.47/turn    (no ring)
MPRegen 0.15/turn

%: no teleportation, roll
@: no status effects
A: large, rugged brown scales 3, deformed body, armoured tail, roll, long
tongue, awkward tongue
a: Renounce Religion, Minor Destruction, Lesser Servant of Makhleb, Major
Destruction


You were in the Dungeon.
You worshipped Makhleb.
Makhleb was greatly pleased with you.
You visited 1 branch

Inventory:

Hand Weapons
 k - the +∞ Axe of Woe (weapon)
   (You found it in the Dungeon)
Missiles
 c - 3 throwing nets (quivered)
 d - a javelin
Armour
 a - a +0 leather armour (worn)
 b - a +0 helmet (worn)
Scrolls
 j - a scroll of blinking
Potions
 e - a potion of curing
 f - a potion of heal wounds
 g - a potion of haste
 h - 2 potions of magic
 i - a potion of berserk rage


   Skills:
 + Level 18.2 Fighting
 + Level 17.5 Axes
 + Level 14.6 Throwing
 + Level 4.5 Armour
 + Level 22.5 Dodging
 + Level 25.8 Unarmed Combat


You had 15 spell levels left.
You didn't know any spells.
Your spell library was empty.

Dungeon Overview and Level Annotations

Branches:
Dungeon (1/1)

Altars:
Makhleb


Innate Abilities, Weirdness & Mutations

You are completely covered in rugged brown scales. (AC +3, +7% HP)
Armour fits poorly on your strangely shaped body.
You have a long armoured tail.
You roll when moving toward enemies. (Rampage)
Your long tongue fully drains potion bottles. (2x potion effects)
Your tongue gives you trouble enunciating. (1.5x scroll delay)


Message History

You kill the meat berserker!
Makhleb accepts your kill.
You can now hurl Makhleb's greater destruction.
You feel better.
You slice the large bag of meat!!
Flame seeps out of the large bag of meat.
You pulverise the large bag of meat into a thin bloody mist.
Makhleb accepts your kill.
You hit the bag of meat.
You hew the bag of meat savagely.
You kill the bag of meat!
Makhleb accepts your kill.
The large bag of meat explodes!
The fiery explosion engulfs the bag of meat!!
The fiery explosion engulfs you!!
The fiery explosion engulfs the bag of meat!!!
You are engulfed in blazing flames.
* * * LOW HITPOINT WARNING * * *
You hear a shout! x3
A meat berserker comes into view. It is wielding a +9 battleaxe.
The bag of meat is engulfed in blazing flames.
You hear a shout! x2
The bag of meat is engulfed in blazing flames.
The meat berserker moves out of view.
You hear a shout!
Your Fighting skill gained 2 levels and is now at level 18!
Your Axes skill gained 4 levels and is now at level 17!
Your Throwing skill increases to level 14!
Your Armour skill gained 2 levels and is now at level 4!
Your Dodging skill increases to level 22!
Your Unarmed Combat skill increases to level 25!
You have reached level 16!
You feel stronger.
You slice the bag of meat!!
You butcher the bag of meat messily.
You kill the bag of meat!
Makhleb accepts your kill.
You feel better.
You are engulfed in blazing flames.
You hear a shout! x10
A meat berserker comes into view. It is wielding a +9 battleaxe.
The meat berserker is engulfed in blazing flames.
The meat berserker hits you with a +9 battleaxe!!!
You die...

#. ....# #.. ...#
.. .###..
...###...
......###........
......_.).......
#.....# ....
#_.<._# .....
.O#...))#......
......_§@O......
......###°§......
.###.. oo§###...
#.. OO..# .. #.
oo...# ..O......
........
..........


You could see 5 meat berserkers and 4 bags of meat.

Vanquished Creatures
  3 ogres (D)
  A two-headed ogre (D)
  11 orcs (D)
15 creatures vanquished.

Notes
Turn   | Place    | Note
-------+----------+-------------------------------------------
     0 | D        | Found the +∞ Axe of Woe
     0 | D        | 123456 the Armataur Gladiator began the quest for the Orb.
     0 | D        | Reached XP level 1. HP: 18/18 MP: 1/1
     2 | D        | Noticed a bag of meat
     4 | D        | Became a worshipper of Makhleb the Destroyer
     6 | D        | Noticed a meat berserker
     6 | D        | Noticed a bag of meat
     7 | D        | Noticed a bag of meat
     8 | D        | Noticed a bag of meat
     8 | D        | Killed a bag of meat
     9 | D        | Reached skill level 15 in Unarmed Combat
     9 | D        | Reached XP level 2. HP: 38/38 MP: 2/2
     9 | D        | Reached XP level 3. HP: 43/43 MP: 3/3
     9 | D        | Reached XP level 4. HP: 52/52 MP: 4/4
     9 | D        | Reached XP level 5. HP: 58/58 MP: 5/5
     9 | D        | Reached XP level 6. HP: 66/66 MP: 6/6
     9 | D        | Reached XP level 7. HP: 73/73 MP: 7/7
     9 | D        | Reached XP level 8. HP: 80/80 MP: 8/8
     9 | D        | Reached XP level 9. HP: 87/87 MP: 9/9
     9 | D        | Reached XP level 10. HP: 95/95 MP: 10/10
     9 | D        | Noticed a bag of meat
    10 | D        | Killed a meat berserker
    10 | D        | Reached * piety under Makhleb
    10 | D        | Noticed a meat berserker
    10 | D        | Noticed a bag of meat
    10 | D        | Noticed a bag of meat
    10 | D        | Noticed a bag of meat
    11 | D        | Reached skill level 10 in Fighting
    11 | D        | Reached skill level 5 in Axes
    11 | D        | Reached skill level 10 in Throwing
    11 | D        | Reached skill level 15 in Dodging
    11 | D        | Reached skill level 18 in Unarmed Combat
    11 | D        | Reached XP level 11. HP: 18/108 MP: 11/11
    11 | D        | Reached XP level 12. HP: 19/115 MP: 12/12
    11 | D        | Noticed a bag of meat
    11 | D        | Noticed a large bag of meat
    11 | D        | Noticed a bag of meat
    11 | D        | Noticed a bag of meat
    11 | D        | Killed a bag of meat
    11 | D        | Noticed a bag of meat
    12 | D        | Reached skill level 19 in Unarmed Combat
    12 | D        | Reached XP level 13. HP: 22/125 MP: 13/13
    12 | D        | Killed a bag of meat
    12 | D        | Noticed a bag of meat
    12 | D        | Noticed a bag of meat
    13 | D        | Reached skill level 20 in Unarmed Combat
    13 | D        | Killed a bag of meat
    13 | D        | Reached ** piety under Makhleb
    13 | D        | Killed a bag of meat
    13 | D        | Noticed a bag of meat
    13 | D        | Noticed a meat berserker
    13 | D        | Noticed a meat berserker
    14 | D        | Reached skill level 21 in Unarmed Combat
    14 | D        | Reached XP level 14. HP: 41/138 MP: 14/14
    14 | D        | Killed a bag of meat
    14 | D        | Killed a meat berserker
    14 | D        | Reached *** piety under Makhleb
    14 | D        | Killed a bag of meat
    14 | D        | Noticed a meat berserker
    14 | D        | Noticed a bag of meat
    15 | D        | Reached skill level 15 in Fighting
    15 | D        | Reached skill level 23 in Unarmed Combat
    15 | D        | Reached XP level 15. HP: 41/150 MP: 15/15
    15 | D        | Noticed a meat berserker
    16 | D        | Reached skill level 24 in Unarmed Combat
    16 | D        | Killed a meat berserker
    16 | D        | Reached **** piety under Makhleb
    16 | D        | Killed a large bag of meat
    16 | D        | Noticed a meat berserker
    17 | D        | Reached skill level 25 in Unarmed Combat
    17 | D        | Reached XP level 16. HP: 45/167 MP: 16/16
    17 | D        | Noticed a meat berserker
    17 | D        | Slain by a meat berserker

Illustrated notes

Levels and vault maps discovered:
D:        meatsprint

Skill      XL: |  1  2  3  4  5  6  7  8  9 10 11 12 13 14 15 |
---------------+----------------------------------------------+-----
Fighting       | 8 10 11 13 15 18 | 18.2
Axes           | 2 5 6 8 12 17 | 17.5
Throwing       | 8 10 11 12 13 14 | 14.6
Dodging        | 12 15 16 18 20 22 | 22.5
Unarmed Combat | 15 18 19 21 23 25 | 25.8
Armour         | 4 |  4.5

Action                     |  1- 3 |  4- 6 |  7- 9 | 10-12 | 13-15 | 16-18 || total
---------------------------+-------+-------+-------+-------+-------+-------++-------
  Melee: Executioner's axe |     1 |       |       |     2 |     5 |     1 ||     9

Table legend: (Time is in decaauts)
 A = Elapsed time spent in this place.
 B = Non-inter-level travel time spent in this place.
 C = Inter-level travel time spent in this place.
 D = Time resting spent in this place.
 E = Time spent auto-exploring this place.
 F = Levels seen in this place.
 G = Mean time per level.
                   A        B        C        D        E       F      G
               +--------+--------+--------+--------+--------+-----+--------+
         Total |     20 |     20 |      0 |      0 |      0 |   1 |   20.0 |
       Dungeon |     20 |     20 |      0 |      0 |      0 |   1 |   20.0 |
               +--------+--------+--------+--------+--------+-----+--------+

Top non-repeatable levels by time:
       D: 20 daAuts
